3R
GIBTOWN ELEPHANTS @ HICKSVILLE HOUNDS
07/04/2037
 
TOP OF THE 1ST
Gibtown Elephants batting - Pitching for Hicksville Hounds : LHP Trevor Bowden
Pitching: LHP Trevor Bowden
Batting: SHB Christian Payne 0-0: Ball
1-0: Foul Ball, location: 2F
1-1: Swinging Strike
1-2: Strikes out looking
Batting: RHB Lane Ruffin 0-0: Foul Ball, location: 2F
0-1: Bunt for hit to 15S - play at first, batter OUT! 1-3
Batting: RHB William Penn 0-0: Swinging Strike
0-1: Foul Ball, location: 2F
0-2: Ball
1-2: Strikes out swinging
Top of the 1st over - 0 runs, 0 hits, 0 errors, 0 left on base; Gibtown 0 - Hicksville 0
BOTTOM OF THE 1ST
Hicksville Hounds batting - Pitching for Gibtown Elephants : RHP Hyosuke Matsui
Pitching: RHP Hyosuke Matsui
Batting: RHB Adam Black 0-0: Foul Ball, location: 2F
0-1: Ground out 5-3 (Groundball, 25, EV 72.5 MPH)
Batting: LHB Robbie Care 0-0: Swinging Strike
0-1: Ground out 1-3 (Groundball, 34S, EV 78.1 MPH)
Batting: SHB Paul Wood 0-0: SINGLE (Groundball, 6D, EV 110.0 MPH)
Batting: SHB Cal Ellis 0-0: Ball
1-0: Ground out 4-3 (Groundball, 4, EV 84.4 MPH)
Bottom of the 1st over - 0 runs, 1 hit, 0 errors, 1 left on base; Gibtown 0 - Hicksville 0
TOP OF THE 2ND
Gibtown Elephants batting - Pitching for Hicksville Hounds : LHP Trevor Bowden
Batting: SHB Christian Cole 0-0: Ball
1-0: Called Strike
1-1: Ground out 4-3 (Groundball, 4, EV 90.6 MPH)
Batting: RHB Roger Bauer 0-0: Ball
1-0: Called Strike
1-1: Ball
2-1: Ball
3-1: Fly out, F9 (Flyball, 9D, EV 82.5 MPH)
Batting: RHB Félix Ronchi 0-0: Ball
1-0: Ball
2-0: Foul Ball, location: 2F
2-1: Foul Ball, location: 2F
2-2: Ball
3-2: Base on Balls
Batting: RHB Joe Frank 0-0: Called Strike
0-1: Foul Ball, location: 2F
0-2: Strikes out swinging
Top of the 2nd over - 0 runs, 0 hits, 0 errors, 1 left on base; Gibtown 0 - Hicksville 0
BOTTOM OF THE 2ND
Hicksville Hounds batting - Pitching for Gibtown Elephants : RHP Hyosuke Matsui
Batting: RHB Aloysius Szymanski 0-0: Called Strike
0-1: Ground out 5-3 (Groundball, 5, EV 83.8 MPH)
Batting: RHB Luther H. Greene 0-0: Ball
1-0: Foul Ball, location: 2F
1-1: Ball
2-1: Swinging Strike
2-2: Foul Ball, location: 2F
2-2: Ball
3-2: Base on Balls
Batting: RHB Michael Richardson 0-0: Called Strike
0-1: Ball
1-1: Ball
2-1: Called Strike
2-2: Ball
3-2: Strikes out swinging
Batting: LHB Trent Armstrong 0-0: Called Strike
0-1: Ball
1-1: Foul Ball, location: 2F
1-2: Strikes out swinging
Bottom of the 2nd over - 0 runs, 0 hits, 0 errors, 1 left on base; Gibtown 0 - Hicksville 0
TOP OF THE 3RD
Gibtown Elephants batting - Pitching for Hicksville Hounds : LHP Trevor Bowden
Batting: RHB Virgil Guldenmond 0-0: Foul Ball, location: 2F
0-1: Ground out 5-3 (Groundball, 56, EV 81.2 MPH)
Batting: RHB Yvon Parisot 0-0: Swinging Strike
0-1: Swinging Strike
0-2: Ball
1-2: Ball
2-2: Strikes out swinging
Batting: SHB Christian Payne 0-0: Ball
1-0: Called Strike
1-1: Foul Ball, location: 2F
1-2: Fly out, F5 (Popup, 5SF, EV 87.5 MPH)
Top of the 3rd over - 0 runs, 0 hits, 0 errors, 0 left on base; Gibtown 0 - Hicksville 0
BOTTOM OF THE 3RD
Hicksville Hounds batting - Pitching for Gibtown Elephants : RHP Hyosuke Matsui
Batting: RHB Rafael Briones 0-0: Hit by Pitch
Batting: RHB Adam Black 0-0: Called Strike
0-1: Called Strike
0-2: Ball
1-2: Foul Ball, location: 2F
1-2: Strikes out looking
Batting: LHB Robbie Care 0-0: Called Strike
0-1: Ball
1-1: Ball
2-1: Ball
3-1: Foul Ball, location: 2F
3-2: Base on Balls
Rafael Briones to second
Batting: SHB Paul Wood 0-0: Fielders Choice at 2nd, 1-6 (Groundball, P, EV 89.4 MPH)
Rafael Briones to third
Batting: SHB Cal Ellis 0-0: Ball
1-0: SINGLE (Groundball, 34S, EV 69.4 MPH) (infield hit)
Rafael Briones scores
Paul Wood to second
Batting: RHB Aloysius Szymanski 0-0: Swinging Strike
0-1: Foul Ball, location: 2F
0-2: Foul Ball, location: 2F
0-2: Ball
1-2: Strikes out swinging
Bottom of the 3rd over - 1 run, 1 hit, 0 errors, 2 left on base; Gibtown 0 - Hicksville 1
TOP OF THE 4TH
Gibtown Elephants batting - Pitching for Hicksville Hounds : LHP Trevor Bowden
Batting: RHB Lane Ruffin 0-0: Foul Ball, location: 2F
0-1: Called Strike
0-2: Foul Ball, location: 2F
0-2: Ball
1-2: Ball
2-2: Foul Ball, location: 2F
2-2: Ball
3-2: Foul Ball, location: 2F
3-2: Base on Balls
Batting: RHB William Penn 0-0: Reached on error, E6 (Groundball, 6, EV 78.8 MPH)
Lane Ruffin to second
Batting: SHB Christian Cole 0-0: Ball
1-0: Foul Ball, location: 2F
1-1: Foul Ball, location: 2F
1-2: Foul Ball, location: 2F
1-2: 3-RUN HOME RUN (Flyball, 89XD, EV 106.9 MPH), Distance : 398 ft
Batting: RHB Roger Bauer 0-0: Ball
1-0: Called Strike
1-1: Swinging Strike
1-2: Ball
2-2: Strikes out looking
Batting: RHB Félix Ronchi 0-0: Called Strike
0-1: Called Strike
0-2: Fly out, F4 (Flyball, 4D, EV 74.4 MPH)
Batting: RHB Joe Frank 0-0: Ball
1-0: Fly out, F8 (Flyball, 8LS, EV 75.6 MPH)
Top of the 4th over - 3 runs, 1 hit, 1 error, 0 left on base; Gibtown 3 - Hicksville 1
BOTTOM OF THE 4TH
Hicksville Hounds batting - Pitching for Gibtown Elephants : RHP Hyosuke Matsui
Batting: RHB Luther H. Greene 0-0: Foul Ball, location: 2F
0-1: Foul Ball, location: 2F
0-2: Strikes out swinging
Batting: RHB Michael Richardson 0-0: Foul Ball, location: 2F
0-1: Called Strike
0-2: Fly out, F9 (Flyball, 9LD, EV 94.4 MPH)
Batting: LHB Trent Armstrong 0-0: Called Strike
0-1: Foul Ball, location: 2F
0-2: Ball
1-2: Foul Ball, location: 2F
1-2: Strikes out looking
Bottom of the 4th over - 0 runs, 0 hits, 0 errors, 0 left on base; Gibtown 3 - Hicksville 1
TOP OF THE 5TH
Gibtown Elephants batting - Pitching for Hicksville Hounds : LHP Trevor Bowden
Batting: RHB Virgil Guldenmond 0-0: Called Strike
0-1: Ball
1-1: Ball
2-1: SINGLE (Groundball, 4MD, EV 102.5 MPH)
Batting: RHB Yvon Parisot 0-0: Ball
1-0: Called Strike
1-1: Foul Ball, location: 2F
1-2: Strikes out swinging
Batting: SHB Christian Payne 0-0: Ball
1-0: Foul Ball, location: 2F
1-1: Fly out, F9 (Flyball, 9, EV 85.6 MPH)
Batting: RHB Lane Ruffin 0-0: Called Strike
0-1: Ball
1-1: Ball
2-1: Foul Ball, location: 2F
2-2: SINGLE (Flyball, 9S, EV 85.0 MPH)
Virgil Guldenmond to second
Runner from 2nd tries for 3rd, SAFE, no throw by RF
Batting: RHB William Penn 0-0: Fly out, F8 (Flyball, 8RD, EV 100.0 MPH)
Top of the 5th over - 0 runs, 2 hits, 0 errors, 2 left on base; Gibtown 3 - Hicksville 1
BOTTOM OF THE 5TH
Hicksville Hounds batting - Pitching for Gibtown Elephants : RHP Hyosuke Matsui
Batting: RHB Rafael Briones 0-0: Ball
1-0: Ball
2-0: Ball
3-0: Called Strike
3-1: Foul Ball, location: 2F
3-2: Foul Ball, location: 2F
3-2: Ground out 1-3 (Groundball, 13, EV 66.2 MPH)
Batting: RHB Adam Black 0-0: Ball
1-0: Foul Ball, location: 2F
1-1: Ball
2-1: SINGLE (Groundball, 56D, EV 103.8 MPH)
Batting: LHB Robbie Care 0-0: Called Strike
0-1: Ball
1-1: Called Strike
1-2: Ball
2-2: Strikes out swinging
Adam Black steals 2nd base
Batter strikes out.
Batting: SHB Paul Wood 0-0: Foul Ball, location: 2F
0-1: Foul Ball, location: 2F
0-2: Strikes out looking
Bottom of the 5th over - 0 runs, 1 hit, 0 errors, 1 left on base; Gibtown 3 - Hicksville 1
TOP OF THE 6TH
Gibtown Elephants batting - Pitching for Hicksville Hounds : LHP Trevor Bowden
Pitching: RHP Leonardo Trujillo
Batting: SHB Christian Cole 0-0: Called Strike
0-1: Ball
1-1: SINGLE (Line Drive, 7S, EV 95.0 MPH)
Batting: RHB Roger Bauer 0-0: Ball
1-0: Foul Ball, location: 2F
1-1: Foul Ball, location: 2F
1-2: Ball
2-2: Strikes out swinging
Batting: RHB Félix Ronchi 0-0: Called Strike
0-1: Ball
1-1: Ball
2-1: Swinging Strike
2-2: Foul Ball, location: 2F
2-2: Strikes out swinging
Batting: RHB Joe Frank 0-0: Ball
1-0: Called Strike
1-1: Ball
2-1: Fly out, F7 (Flyball, 7LS, EV 88.8 MPH)
Top of the 6th over - 0 runs, 1 hit, 0 errors, 1 left on base; Gibtown 3 - Hicksville 1
BOTTOM OF THE 6TH
Hicksville Hounds batting - Pitching for Gibtown Elephants : RHP Hyosuke Matsui
Batting: SHB Cal Ellis 0-0: Called Strike
0-1: Ball
1-1: Ball
2-1: Called Strike
2-2: Ball
3-2: Strikes out swinging
Batting: RHB Aloysius Szymanski 0-0: Swinging Strike
0-1: Ball
1-1: Ball
2-1: Ball
3-1: Foul Ball, location: 2F
3-2: Strikes out swinging
Batting: RHB Luther H. Greene 0-0: Called Strike
0-1: SINGLE (Groundball, 56D, EV 96.2 MPH)
Batting: RHB Michael Richardson 0-0: Ball
1-0: Foul Ball, location: 2F
1-1: Foul Ball, location: 2F
1-2: SINGLE (Line Drive, 8RS, EV 104.4 MPH)
Luther H. Greene to second
Pitching: RHP Robert de Weerdt
Batting: LHB Trent Armstrong 0-0: Ball
1-0: Ball
2-0: Ball
3-0: Called Strike
3-1: Fly out, F8 (Flyball, 89S, EV 86.9 MPH)
Bottom of the 6th over - 0 runs, 2 hits, 0 errors, 2 left on base; Gibtown 3 - Hicksville 1
TOP OF THE 7TH
Gibtown Elephants batting - Pitching for Hicksville Hounds : RHP Leonardo Trujillo
Batting: RHB Virgil Guldenmond 0-0: SINGLE (Groundball, 56D, EV 103.1 MPH)
Batting: RHB Yvon Parisot 0-0: SINGLE (Line Drive, 9LS, EV 106.9 MPH)
Virgil Guldenmond to second
Batting: SHB Christian Payne 0-0: Ball
1-0: Foul Ball, location: 2F
1-1: Ball
2-1: Foul Ball, location: 2F
2-2: Foul Ball, location: 2F
2-2: Fielders Choice at 2nd, 4-6 (Groundball, 4, EV 81.9 MPH)
Virgil Guldenmond to third
Pitching: RHP Don Murray
Batting: RHB Lane Ruffin 0-0: Swinging Strike
0-1: Ball
1-1: Ball
2-1: Reached on error, E6 (Groundball, 6, EV 90.6 MPH)
Virgil Guldenmond scores
Christian Payne to second
Batting: RHB William Penn 0-0: Ball
1-0: Ball
2-0: Swinging Strike
2-1: Ball
Wild Pitch!
Christian Payne to third
Lane Ruffin to second
3-1: Intentional Walk
Batting: SHB Christian Cole 0-0: Ball
1-0: Foul Ball, location: 2F
1-1: SINGLE (Flyball, 7S, EV 91.2 MPH)
Christian Payne scores
Lane Ruffin to third
William Penn to second
Runner from 3rd tries for Home, SAFE, throw by LF to home
Batting: RHB Roger Bauer 0-0: Swinging Strike
0-1: SINGLE (Groundball, 34S, EV 85.0 MPH) (infield hit)
William Penn to third
Christian Cole to second
Batting: RHB Félix Ronchi 0-0: Fly out, F6 (Popup, 6M, EV 63.8 MPH)
Batting: RHB Joe Frank 0-0: Ball
1-0: Ball
2-0: Called Strike
2-1: Foul Ball, location: 2F
2-2: Foul Ball, location: 2F
2-2: Ball
3-2: Foul Ball, location: 2F
3-2: Foul Ball, location: 2F
3-2: Strikes out looking
Top of the 7th over - 3 runs, 4 hits, 1 error, 3 left on base; Gibtown 6 - Hicksville 1
BOTTOM OF THE 7TH
Hicksville Hounds batting - Pitching for Gibtown Elephants : RHP Robert de Weerdt
Batting: RHB Rafael Briones 0-0: Ball
1-0: Ball
2-0: Ball
3-0: Called Strike
3-1: Fly out, F7 (Flyball, 78D, EV 94.4 MPH)
Batting: RHB Adam Black 0-0: Called Strike
0-1: Called Strike
0-2: Foul Ball, location: 2F
0-2: SINGLE (Line Drive, 7S, EV 104.4 MPH)
Batting: LHB Robbie Care 0-0: Ball
1-0: Swinging Strike
1-1: Ball
2-1: Ball
3-1: Foul Ball, location: 2F
3-2: Fly out, F7 (Flyball, 7, EV 90.6 MPH)
Batting: SHB Paul Wood 0-0: Ball
1-0: Ball
2-0: Called Strike
2-1: Fly out, F6 (Line Drive, 6, EV 66.2 MPH)
Bottom of the 7th over - 0 runs, 1 hit, 0 errors, 1 left on base; Gibtown 6 - Hicksville 1
TOP OF THE 8TH
Gibtown Elephants batting - Pitching for Hicksville Hounds : RHP Don Murray
Batting: RHB Virgil Guldenmond 0-0: DOUBLE (Groundball, 5L, EV 108.8 MPH)
Pitching: RHP José Reyes
Batting: RHB Yvon Parisot 0-0: Swinging Strike
0-1: Swinging Strike
0-2: Strikes out swinging, 2-3 out at first.
Batting: SHB Christian Payne 0-0: Foul Ball, location: 2F
0-1: Called Strike
0-2: Ball
1-2: Ball
2-2: SINGLE (Groundball, 34, EV 90.6 MPH) (infield hit)
Virgil Guldenmond to third
Batting: RHB Lane Ruffin 0-0: Ball
1-0: Swinging Strike
1-1: Swinging Strike
1-2: Ball
2-2: Foul Ball, location: 2F
2-2: Strikes out swinging
Batting: RHB William Penn 0-0: Hit by Pitch
Christian Payne to second
Batting: SHB Christian Cole 0-0: Called Strike
0-1: Ball
1-1: Ball
2-1: Ball
3-1: Called Strike
3-2: Base on Balls
Virgil Guldenmond scores
Christian Payne to third
William Penn to second
Batting: RHB Roger Bauer 0-0: Foul Ball, location: 2F
0-1: Swinging Strike
0-2: Fly out, F8 (Flyball, 78D, EV 90.0 MPH)
Top of the 8th over - 1 run, 2 hits, 0 errors, 3 left on base; Gibtown 7 - Hicksville 1
BOTTOM OF THE 8TH
Hicksville Hounds batting - Pitching for Gibtown Elephants : RHP Robert de Weerdt
Batting: SHB Cal Ellis 0-0: Fly out, F9 (Flyball, 89S, EV 75.6 MPH)
Batting: RHB Aloysius Szymanski 0-0: Swinging Strike
0-1: Ball
1-1: Ball
2-1: Ground out 4-3 (Groundball, 4M, EV 101.9 MPH)
Batting: RHB Luther H. Greene 0-0: Called Strike
0-1: Ball
1-1: Fly out, F8 (Line Drive, 8RM, EV 98.1 MPH)
Bottom of the 8th over - 0 runs, 0 hits, 0 errors, 0 left on base; Gibtown 7 - Hicksville 1
TOP OF THE 9TH
Gibtown Elephants batting - Pitching for Hicksville Hounds : RHP José Reyes
Pitching: RHP Ostasz Pochuev
Batting: RHB Félix Ronchi 0-0: Called Strike
0-1: Swinging Strike
0-2: Ball
1-2: Fly out, F8 (Flyball, 8RM, EV 81.2 MPH)
Batting: RHB Joe Frank 0-0: Ball
1-0: Foul Ball, location: 2F
1-1: Foul Ball, location: 2F
1-2: Foul Ball, location: 2F
1-2: Strikes out swinging
Batting: RHB Virgil Guldenmond 0-0: Ball
1-0: DOUBLE (Line Drive, 7LM, EV 111.2 MPH)
Batting: RHB Yvon Parisot 0-0: Foul Ball, location: 2F
0-1: Ball
1-1: Foul Ball, location: 2F
1-2: Strikes out swinging
Top of the 9th over - 0 runs, 1 hit, 0 errors, 1 left on base; Gibtown 7 - Hicksville 1
BOTTOM OF THE 9TH
Hicksville Hounds batting - Pitching for Gibtown Elephants : RHP Robert de Weerdt
Batting: RHB Michael Richardson 0-0: Ball
1-0: Ground out 5-3 (Groundball, 56S, EV 73.8 MPH)
Batting: LHB Trent Armstrong 0-0: SINGLE (Line Drive, 9S, EV 101.2 MPH)
Batting: RHB Rafael Briones 0-0: Ball
1-0: Ball
2-0: Fly out, F8 (Flyball, 8RM, EV 93.8 MPH)
Batting: RHB Adam Black 0-0: DOUBLE (Line Drive, 78D, EV 113.8 MPH)
Trent Armstrong to third
Batting: LHB Robbie Care 0-0: Swinging Strike
0-1: Ball
1-1: Foul Ball, location: 2F
1-2: Ball
2-2: Ball
3-2: Base on Balls
Batting: SHB Paul Wood 0-0: Called Strike
0-1: Ball
1-1: Foul Ball, location: 2F
1-2: Ball
2-2: Foul Ball, location: 2F
2-2: Ball
3-2: Fly out, F8 (Line Drive, 8RM, EV 91.9 MPH)
Bottom of the 9th over - 0 runs, 2 hits, 0 errors, 3 left on base; Gibtown 7 - Hicksville 1
Thursday, January 23rd, 2020 - OOTP Baseball 20.8 Build 74